 Dungeon Crawl Stone Soup version 0.18.1-48-g4cf74bf (webtiles) character file.

732 Inchmeat the Cudgeler (level 7, -4/57 HPs)
             Began as a Hill Orc Fighter on Sept 1, 2016.
             Was an Initiate of Okawaru.
             Killed by divine providence
             ... invoked by an orc priest
              (15 damage)
             ... on level 5 of the Dungeon.
             The game lasted 00:27:26 (5263 turns).

Inchmeat the Cudgeler (Hill Orc Fighter)            Turns: 5263, Time: 00:27:27

Health: -4/57      AC:  9    Str: 21      XL:     7   Next: 73%
Magic:  7/7        EV:  8    Int:  8 (10) God:    Okawaru [......]
Gold:   166        SH:  9    Dex:  9 (12) Spells: 0 memorised, 6 levels left

rFire  . . .     SeeInvis .     v - +0 morningstar
rCold  . . .     Gourm    .     b - +0 scale mail
rNeg   . . .     Faith    .     c - +0 shield
rPois  .         Spirit   .     (helmet restricted)
rElec  .         Dismiss  .     (no cloak)
rCorr  .         Reflect  .     m - +0 pair of gloves
SustAt +         Harm     .     t - +0 pair of boots
MR     .....                    r - amulet of rage
Stlth  ..........               j - ring of sustain attributes
                                B - +4 ring of intelligence

@: drained, not resistant to hostile enchantments, extremely unstealthy
A: horns 1, agile 1, dopey 1
a: Renounce Religion, Convert to Beogh, Evoke Berserk Rage


You were on level 5 of the Dungeon.
You worshipped Okawaru.
Okawaru was noncommittal.
You were near starving.

You visited 1 branch of the dungeon, and saw 5 of its levels.
You also visited: Sewer.

You collected 166 gold pieces.

Inventory:

Hand Weapons
 a - a +0 flail
 i - a +0 mace of draining
 o - a +0 hunting sling
 v - a +0 morningstar (weapon)
Missiles
 p - 100 stones
 q - 24 sling bullets (quivered)
 w - 3 tomahawks
 C - 2 throwing nets
Armour
 b - a +0 scale mail (worn)
 c - a +0 shield (worn)
 h - a cursed -1 pair of gloves
 m - a +0 pair of gloves (worn)
 n - a +1 helmet
 t - a +0 pair of boots (worn)
Jewellery
 j - a ring of sustain attributes (right hand)
 r - an amulet of rage (around neck)
 y - an uncursed ring of resist corrosion
 B - a +4 ring of intelligence (left hand)
Wands
 d - a wand of lightning (0/15)
 s - a wand of acid (0/15)
Scrolls
 u - a scroll of random uselessness {unknown}
 x - a scroll of magic mapping
Potions
 z - a potion of magic
 A - 4 potions of flight
Comestibles
 f - 7 bread rations
 g - 2 meat rations


   Skills:
 - Level 3.6(3.2) Fighting
 * Level 7.7(7.3) Maces & Flails
 - Level 3.2(2.9) Armour
 - Level 3.3(2.9) Dodging
 - Level 1.3(1.0) Stealth
 - Level 3.2(2.9) Shields
 - Level 0.6(0.2) Evocations


You had 6 spell levels left.
You didn't know any spells.

Dungeon Overview and Level Annotations

Branches:
Dungeon (5/15)
 Temple: D:4-7

Altars:
Elyvilon
Okawaru
Trog

Annotations:
D:3 Grinder, Jessica
D:5 Prince Ribbit


Innate Abilities, Weirdness & Mutations

You have a pair of small horns on your head.
You are agile. (Dex +2)
You are dopey. (Int -2)


Message History

* * * LOW HITPOINT WARNING * * *
You closely miss the orc. Your headbutt misses the orc.
The orc is severely wounded.
You block the orc's attack.
You hit the orc.
You kill the orc!
Okawaru accepts your kill.
The orc priest miscasts a cantrip.
You completely miss the orc priest. Your headbutt misses the orc priest.
The orc priest hits you.
* * * LOW HITPOINT WARNING * * *
Your shield and scale mail prevent you from hitting the orc priest.
The orc priest shouts, "Surrender to Beogh and we'll let you live!"
You block the orc priest's attack.
Your shield prevents you from hitting the orc priest.
The orc priest shouts, "Join the one true god or die!"
Your headbutt misses the orc priest.
The orc priest calls down the wrath of Beogh upon you.
Beogh smites you!
You die...

#o ##....##
#.
#......##
#.
##.......#
#.
##..####..#
#. #..##
..# #.
##.## .#
#.## ##.##
##
#.o###.##
##o@).##
######


You could see an orc priest and an orc.

Vanquished Creatures
  The ghost of rlgrobin the Chopper, an amateur MiGl (D:4)
  Purgy (Sewer)
  A phantom (D:4)
  2 orc wizards (D:4)
  3 iguanas (D:4)
  2 worker ants
  Robin (D:1)
  7 adders
  2 river rats (D:3)
  2 worms
  3 dart slugs
  4 giant geckos
  10 orcs
  5 ball pythons
  11 bats
  8 giant cockroaches
  12 goblins
  13 hobgoblins
  10 jackals
  3 kobolds
  A quokka (D:4)
  A giant gecko skeleton (D:4)
  5 giant newts
  A quokka skeleton (D:4)
  8 rats
117 creatures vanquished.

Notes
Turn   | Place    | Note
--------------------------------------------------------------
     0 | D:1      | Inchmeat the Hill Orc Fighter began the quest for the Orb.
     0 | D:1      | Reached XP level 1. HP: 19/19 MP: 1/1
   244 | D:1      | Reached XP level 2. HP: 26/26 MP: 2/2
   256 | D:1      | Reached skill level 3 in Maces & Flails
   526 | D:1      | Reached XP level 3. HP: 31/31 MP: 3/3
   822 | D:2      | Noticed Robin
   850 | D:1      | Reached skill level 1 in Dodging
  1255 | D:1      | Killed Robin
  1255 | D:1      | Reached skill level 4 in Maces & Flails
  1255 | D:1      | Reached XP level 4. HP: 33/39 MP: 4/4
  1524 | D:2      | Found a white marble altar of Elyvilon.
  2139 | D:3      | Reached XP level 5. HP: 18/45 MP: 5/5
  2146 | D:3      | Found a glowing drain.
  2158 | Sewer    | Entered a sewer
  2322 | Sewer    | Noticed Purgy
  2336 | Sewer    | Killed Purgy
  2336 | Sewer    | Reached skill level 5 in Maces & Flails
  2336 | Sewer    | Reached skill level 1 in Stealth
  2336 | Sewer    | Reached XP level 6. HP: 45/51 MP: 6/6
  2506 | D:3      | Noticed Grinder
  2511 | D:3      | Noticed Jessica
  2745 | D:2      | Found a bloodstained altar of Trog.
  3240 | D:4      | Noticed a phantom
  3273 | D:4      | Killed a phantom
  3355 | D:4      | Found an iron altar of Okawaru.
  3365 | D:4      | Became a worshipper of Warmaster Okawaru
  3463 | D:4      | Noticed rlgrobin's ghost (amateur MiGl)
  3509 | D:5      | Entered Level 5 of the Dungeon
  3570 | D:5      | Noticed Prince Ribbit
  4176 | D:3      | Reached skill level 6 in Maces & Flails
  4176 | D:3      | Reached XP level 7. HP: 33/57 MP: 7/7
  4378 | D:4      | Gained mutation: You are dopey. (Int -2) [potion of mutation]
  4378 | D:4      | Gained mutation: You have a pair of small horns on your head. [potion of mutation]
  4378 | D:4      | Gained mutation: You are agile. (Dex +2) [potion of mutation]
  4878 | D:4      | Killed rlgrobin's ghost
  4878 | D:4      | Reached skill level 7 in Maces & Flails
  5263 | D:5      | Killed from afar by an orc priest

Skill      XL: |  1  2  3  4  5  6  7 |
---------------+----------------------+-----
Maces & Flails | 3 4 5 6 7 |  7.7
Dodging        | 1 2 3 |  3.3
Stealth        | 1 |  1.3
Fighting       | |  3.6
Armour         | |  3.2
Shields        | |  3.2
Evocations     | |  0.6

Action                   |  1- 3 |  4- 6 |  7- 9 || total
-------------------------+-------+-------+-------++-------
Melee: Flail             |   125 |   242 |    77 ||   444
       Morningstar       |       |       |    31 ||    31
       Headbutt          |       |       |     9 ||     9
Evoke: Wand              |       |     3 |     1 ||     4
  Use: Scroll            |       |    11 |     2 ||    13
       Potion            |       |     5 |     3 ||     8
  Eat: Chunk             |       |    10 |     3 ||    13
Armor: Scale mail        |    91 |   123 |    36 ||   250
Dodge: Dodged            |    54 |    98 |    46 ||   198
Block: Shield            |   112 |   124 |    46 ||   282
